Map: Chain of Ascension

Players

Orenge

  • Race: Protoss Protoss
  • Spawn Location: 11:00

veiga

  • Race: Protoss Protoss
  • Spawn Location: 11:00

VOD

Have the link to the VOD?

Description

Time

  • Played on: March 17, 2026, 3:56 p.m.
  • Length: 23:42
Show
View Real Time Build Order
Export as new Build Order

Orenge Protoss 

Build Orders:  

Get SALT Encoding   

  12  0:03  Probe (Chrono Boost)  
  13  0:18  Probe (Chrono Boost)  
  14  0:30  Probe (Chrono Boost)  
  14  0:37  Assimilator  
  15  0:55  Pylon  
  15  1:04  Pylon  
  15  1:18  Probe (Chrono Boost)  
  16  1:30  Probe (Chrono Boost)  
  17  1:41  Forge  
  17  1:42  Probe (Chrono Boost)  
  18  1:54  Probe (Chrono Boost)  
  18  1:59  Assimilator  
  19  2:06  Probe (Chrono Boost)  
  20  2:18  Probe (Chrono Boost)  
  20  2:24  Protoss Shields Level 1  
  20  2:26  Gateway  
  20  2:29  Gateway  
  21  2:30  Probe (Chrono Boost)  
  22  2:42  Probe (Chrono Boost)  
  23  2:54  Probe (Chrono Boost)  
  24  3:07  Probe (Chrono Boost)  
  25  3:19  Probe (Chrono Boost)  
  26  3:31  Probe (Chrono Boost)  
  26  3:38  Pylon  
  27  3:41  Pylon  
  27  3:51  Gateway  
  27  3:57  Zealot x2  
  31  4:18  Protoss Ground Weapons Level 1  
  31  4:20  Cybernetics Core  
  31  5:10  Gateway  
  31  5:19  Twilight Council  
  31  5:39  Dragoon  
  33  5:45  Photon Cannon  
  33  5:47  Photon Cannon  
  33  5:49  Photon Cannon  
  33  5:53  Zealot  
  33  5:54  Zealot  
  37  6:11  Protoss Ground Armor Level 1  
  37  6:15  Charge  
  37  6:21  Pylon  
  37  6:56  Dragoon  
  37  6:57  Dragoon x2  
  43  7:07  Singularity Charge  
  43  7:36  Zealot x2  
  47  7:48  Dragoon  
  49  7:56  Protoss Shields Level 2  
  49  8:01  Dragoon  
  51  8:45  Photon Cannon  
  51  8:47  Photon Cannon  
  51  9:01  Dragoon  
  51  9:02  Dragoon  
  55  9:31  Pylon  
  55  9:35  Pylon  
  55  10:11  Protoss Ground Weapons Level 2  
  55  10:15  Photon Cannon  
  55  10:18  Photon Cannon  
  55  10:28  Dragoon  
  55  10:29  Photon Cannon  
  57  10:45  Dragoon  
  59  11:10  Dragoon  
  61  11:46  Zealot x2  
  65  12:26  Protoss Ground Armor Level 2  
  65  12:30  Dragoon  
  65  12:31  Dragoon x2  
  71  12:46  Pylon  
  71  12:48  Pylon  
  71  12:50  Pylon  
  71  13:45  Zealot x3  
  71  13:46  Zealot  
  77  14:14  Gateway  
  65  14:32  Protoss Shields Level 3  
  65  14:45  Zealot  
  65  14:46  Zealot x3  
  73  15:22  Photon Cannon  
  73  15:23  Photon Cannon  
  73  15:31  Dragoon  
  75  16:20  Zealot x2  
  75  16:21  Zealot x3  
  83  17:04  Zealot x2  
  83  17:08  Protoss Ground Weapons Level 3, Zealot x2  
  83  17:09  Zealot  
  91  17:43  Dragoon x2  
  95  18:02  Pylon  
  95  18:04  Pylon  
  95  18:06  Pylon  
  95  18:38  Zealot  
  95  18:39  Zealot x3  
  103  18:42  Photon Cannon  
  103  18:45  Photon Cannon  
  103  19:06  Dragoon x3  
  107  19:44  Protoss Ground Armor Level 3  
  107  21:16  Pylon  
  107  21:21  Pylon  
  107  21:25  Pylon  
  99  22:31  Dragoon  
  99  22:32  Dragoon x2  
Show
View Real Time Build Order
Export as new Build Order

veiga Protoss 

Build Orders:  

Get SALT Encoding   

  12  0:24  Probe (Chrono Boost)  
  13  0:36  Probe (Chrono Boost)  
  14  0:48  Probe (Chrono Boost)  
  14  0:55  Pylon  
  15  1:11  Pylon  
  15  1:18  Probe (Chrono Boost)  
  15  1:23  Pylon  
  16  1:30  Probe (Chrono Boost)  
  16  1:37  Pylon  
  17  1:44  Assimilator  
  17  1:48  Assimilator  
  17  1:58  Forge  
  17  2:10  Gateway  
  17  2:22  Gateway  
  17  3:15  Probe (Chrono Boost)  
  18  3:27  Probe (Chrono Boost)  
  18  3:39  Probe (Chrono Boost)  
  20  3:51  Probe (Chrono Boost)  
  20  3:54  Cybernetics Core  
  21  4:03  Pylon  
  21  4:04  Probe (Chrono Boost)  
  21  4:08  Pylon  
  22  4:14  Pylon  
  22  4:19  Pylon  
  22  4:22  Sentinel  
  24  4:49  Sentinel  
  24  5:01  Khaydarin Monolith  
  26  5:17  Sentinel  
  26  5:28  Sentinel  
  30  5:49  Sentinel  
  30  5:57  Sentinel  
  34  6:16  Sentinel  
  36  6:43  Sentinel  
  38  7:05  Protoss Air Weapons Level 1  
  38  7:08  Solar Efficiency Level 1  
  38  7:10  Protoss Ground Weapons Level 1, Sentinel  
  40  7:37  Sentinel  
  40  7:42  Sentinel  
  44  8:04  Sentinel  
  44  8:15  Sentinel  
  48  8:31  Sentinel  
  48  9:19  Sentinel  
  48  9:24  Protoss Air Armor Level 1  
  48  9:30  Sentinel  
  52  9:46  Sentinel  
  54  10:03  Sentinel  
  56  10:13  Sentinel  
  58  10:36  Sentinel  
  58  10:40  Sentinel  
  60  11:07  Sentinel  
  60  11:09  Sentinel  
  56  14:09  Sentinel  
  56  14:21  Sentinel  
  60  14:36  Sentinel  
  60  14:49  Protoss Air Weapons Level 2  
  62  14:50  Khaydarin Monolith  
  62  14:54  Sentinel  
  62  14:58  Protoss Ground Armor Level 1  
  64  15:03  Sentinel  
  66  15:27  Sentinel  
  66  15:29  Sentinel  
  66  15:33  Pylon  
  66  15:38  Pylon  
  68  15:45  Pylon  
  68  15:49  Pylon  
  70  15:56  Sentinel  
  70  16:00  Sentinel  
  74  16:23  Sentinel  
  74  16:33  Sentinel  
  78  16:50  Sentinel  
  78  17:06  Sentinel  
  80  17:17  Sentinel  
  84  17:34  Protoss Air Armor Level 2  
  84  17:39  Sentinel  
Tags
 
Add a new tag
Caveats
  • Supply blocks, unpowered buildings, or Contaminate may cause inaccurate times.
  • Supply counts are checked every 10 seconds.